 Dungeon Crawl Stone Soup version 0.31-a0-1008-g5b978dac0e (webtiles) character file.

Game seed: 13930756808474950589

11936 Queen the Thaumaturge (level 11, -3/54 HPs)
             Began as a Deep Elf Fire Elementalist on Nov 13, 2023.
             Was a Priest of Vehumet.
             Slain by Urug
             ... wielding a +2 great sword
              (18 damage)
             ... on level 2 of the Lair of Beasts.
             The game lasted 00:45:33 (13227 turns).

Queen the Thaumaturge (Deep Elf Fire Elementalist) Turns: 13227, Time: 00:45:34

Health: -3/54      AC:  8    Str:  5    XL:     11   Next: 55%
Magic:  19/28      EV: 16    Int: 34    God:    Vehumet [***...]
Gold:   558        SH:  5    Dex: 15    Spells: 16/33 levels left

rFire   . . .        p - +3 dagger (venom)
rCold   . . .        (no shield)
rNeg    . . .        c - +0 troll leather armour
rPois   .            m - +0 helmet {Int+3}
rElec   .            y - +2 cloak
rCorr   .            v - +0 pair of gloves
SInv    +            (no boots)
Will    +....        w - amulet of reflection
Stlth   ++++         i - ring of see invisible
HPRegen 1.09/turn    f - +6 ring of intelligence
MPRegen 0.21/turn

%: reflection
@: studying Fighting
A: no striking features
a: Renounce Religion


You were on level 2 of the Lair of Beasts.
You worshipped Vehumet.
Vehumet was most pleased with you.
You visited 2 branches of the dungeon, and saw 10 of its levels.

You collected 558 gold pieces.

Inventory:

Hand Weapons
 h - a +0 dagger of freezing
 l - a +2 whip of holy wrath
 p - a +3 dagger of venom (weapon)
Armour
 c - a +0 troll leather armour (worn)
 m - a +0 helmet of intelligence (worn)
 v - a +0 pair of gloves (worn)
 y - a +2 cloak (worn)
Magical Staves
 u - a staff of air
Jewellery
 f - a +6 ring of intelligence (right hand)
 i - a ring of see invisible (left hand)
 w - an amulet of reflection (around neck)
Wands
 r - a wand of charming (20)
 x - a wand of digging (6)
 F - a wand of iceblast (7)
Scrolls
 o - a scroll of poison {unknown}
 q - 2 scrolls of teleportation {unknown}
 t - a scroll of brand weapon {unknown}
 z - a scroll of enchant armour {unknown}
 B - a scroll of acquirement {unknown}
 D - a scroll of fear {unknown}
Potions
 b - a potion of ambrosia
 g - 5 potions of curing
 s - 2 potions of might {unknown}
 A - a potion of resistance {unknown}
 C - a potion of brilliance {unknown}
 E - a potion of enlightenment {unknown}
 G - a potion of heal wounds {unknown}


   Skills:
 + Level 10.9 Dodging
 - Level 8.0 Stealth
 + Level 11.9 Spellcasting
 + Level 9.8 Conjurations
 + Level 10.3 Fire Magic


You had 16 spell levels left.
You knew the following spells:

 Your Spells              Type           Power      Damage    Failure   Level
a - Foxfire               Conj/Fire      100%       2x1d9     1%          1
b - Scorch                Fire           100%       2d9       1%          2
c - Inner Flame           Hex/Fire       53%        N/A       1%          3
d - Volatile Blastmotes   Fire/Tloc      100%       2d18      1%          3
e - Flame Wave            Conj/Fire      73%        2d16      1%          4
f - Freeze                Ice            80%        1d9       1%          1
g - Dazzling Flash        Conj/Hex       100%       N/A       1%          3

Your spell library contained the following spells:

 Spells                   Type           Power      Damage    Failure   Level
 Magic Dart               Conj           100%       1d8       1%          1
 Mephitic Cloud           Conj/Pois/Air  42%        N/A       1%          3
 Call Imp                 Summ           40%        N/A       5%          2
 Summon Forest            Summ/Tloc      10%        N/A       71%         5
 Eringya's Noxious Bog    Tmut/Pois      10%        4d6       78%         6
 Summon Hydra             Summ           10%        N/A       100%        7


Dungeon Overview and Level Annotations

Branches:
Dungeon (8/15)             Temple (0/1) D:5            Lair (2/5) D:8
  Swamp: Lair:2-3    Shoals: Lair:2-3     Snake: Lair:2-3    Spider: Lair:2-3

Altars:
Dithmenos
Vehumet
Wu Jian

Annotations:
D:2 exclusion: 2 downstairs
D:7 exclusion: downstairs
D:8 1 runed translucent door, Talonman3's ghost, novice VSEn
Lair:2 Urug


Message History

Flames lash the komodo dragon.
The komodo dragon is burned terribly!
The komodo dragon is severely wounded.
The bullfrog hits you.
The komodo dragon hisses menacingly.
The komodo dragon barely misses you.
Casting: Scorch (safe; 1% risk of failure)
Confirm with . or Enter, or press ? or * to list all spells.
Flames lash the bullfrog.
You kill the bullfrog!
Vehumet accepts your kill.
You feel your power returning. The komodo dragon bites you!!
Casting: Scorch (safe; 1% risk of failure)
Confirm with . or Enter, or press ? or * to list all spells.
Flames lash the komodo dragon.
The komodo dragon is burned terribly!
You kill the komodo dragon!
Vehumet accepts your kill.
Urug throws a javelin.
The javelin completely misses you.
Okay, then.
You feel yourself speed up.
Urug screams, "Prepare for a defeathering!"
Urug throws a javelin.
The javelin pierces through you!!
* * * LOW HITPOINT WARNING * * *
Okay, then.
Okay, then.
Okay, then.
As you read the scroll labelled GEZUIN VIKKELIDET, it crumbles to dust.
It is a scroll of amnesia.
Okay, then.
As you read the scroll labelled OKITIS JUAGRY, it crumbles to dust.
It is a scroll of enchant weapon.
Your +2 dagger of venom glows red for a moment.
As you read the scroll labelled OFARUO NUTISM, it crumbles to dust.
A profound silence engulfs you.
It was a scroll of silence.
Magic scrolls do not work when you're silenced!
Your magical effects are unravelling.
You feel magically purged.
You feel yourself slow down.
Your hearing returns.
Urug hits you with a +2 great sword!!
You die...
Urug says, "One more harpy dead."

.........
..........
........
..........
....... .........
#....o .........
#P...## #.....#..
.....## #....#.#
##...###.....#
#....o#.†...##
####...#@...#
#....o....#
###.......#
####....!.#
#P.......##
##....#...##
##....###...#####
##....##
##......# ..
##....## ##...###


You could see Urug.

Vanquished Creatures
  Erica (Lair:1)
  2 black mambas
  2 komodo dragons (Lair:2)
  4 cane toads
  A rime drake (D:8)
  Grinder (D:6)
  2 polar bears
  3 wyverns
  22 yaks
  A basilisk (Lair:1)
  Grum (Lair:1)
  Edmund (D:5)
  4 ice beasts (D:8)
  4 water moccasins
  2 black bears (D:4)
  3 ogres
  11 wolves
  A phantom (D:6)
  6 bullfrogs
  4 scorpions
  9 wights
  4 hounds
  2 jellies
  8 orc priests
  2 gnoll boudas
  Ijyb (D:3)
  An iguana (D:6)
  4 orc wizards
  20 gnolls
  9 adders
  2 white imps
  4 ufetubi
  2 worms
  3 dart slugs
  41 orcs
  2 bats
  5 endoplasms
  2 giant cockroaches
  11 goblins
  7 hobgoblins
  7 jackals
  3 quokkas
  5 ball pythons
  2 frilled lizards (D:3)
  6 kobolds
  3 rats
241 creatures vanquished.

Vanquished Creatures (others)
  621 foxfires
621 creatures vanquished.

Grand Total: 862 creatures vanquished

Notes
Turn   | Place    | Note
-------+----------+-------------------------------------------
     0 | D:1      | Queen the Deep Elf Fire Elementalist began the quest for
                  | the Orb.
     0 | D:1      | Reached XP level 1. HP: 10/10 MP: 6/6
   181 | D:1      | Reached XP level 2. HP: 15/15 MP: 5/8
   397 | D:1      | Learned a level 2 spell: Scorch
  1131 | D:2      | Reached XP level 3. HP: 18/19 MP: 2/9
  1590 | D:2      | Reached XP level 4. HP: 24/24 MP: 5/11
  2020 | D:3      | Found a shadowy altar of Dithmenos.
  2022 | D:3      | Found an ornate altar of the Wu Jian Council.
  2078 | D:3      | Reached skill level 4 in Spellcasting
  2165 | D:3      | Reached XP level 5. HP: 28/28 MP: 11/13
  2220 | D:3      | Learned a level 3 spell: Inner Flame
  2661 | D:4      | Learned a level 3 spell: Volatile Blastmotes
  2794 | D:4      | Reached XP level 6. HP: 32/32 MP: 4/14
  2922 | D:4      | Learned a level 4 spell: Flame Wave
  3065 | D:4      | Reached skill level 5 in Spellcasting
  3169 | D:4      | Noticed Ijyb
  3397 | D:4      | Found a radiant altar of Vehumet.
  3420 | D:4      | Reached skill level 5 in Stealth
  3420 | D:4      | Reached XP level 7. HP: 36/36 MP: 10/16
  3611 | D:4      | Reached skill level 5 in Fire Magic
  4021 | D:4      | Became a worshipper of Vehumet
  4033 | D:5      | Entered Level 5 of the Dungeon
  4071 | D:5      | Reached skill level 5 in Dodging
  4301 | D:5      | Noticed Edmund
  4524 | D:3      | Killed Ijyb
  4525 | D:3      | Reached * piety under Vehumet
  4525 | D:3      | Offered knowledge of Freeze by Vehumet.
  4621 | D:5      | Reached skill level 6 in Spellcasting
  4801 | D:5      | Reached XP level 8. HP: 37/41 MP: 12/19
  5095 | D:5      | Found a staircase to the Ecumenical Temple.
  5116 | D:5      | Identified the +10 war axe "Lustrywn" {venom, Int+3}
  5686 | D:5      | Killed Edmund
  5853 | D:6      | Noticed Grinder
  6135 | D:6      | Killed Grinder
  6136 | D:6      | Reached skill level 5 in Conjurations
  6220 | D:6      | Reached skill level 7 in Spellcasting
  6753 | D:6      | Learned a level 1 spell: Freeze
  6892 | D:6      | Reached XP level 9. HP: 45/45 MP: 8/22
  8354 | D:7      | Identified the +5 sling "Dragon's Demise" {speed, +Blink
                  | rF+ Stlth+}
  8364 | D:7      | Reached skill level 8 in Spellcasting
  8433 | D:7      | Reached ** piety under Vehumet
  8433 | D:7      | Offered knowledge of Poisonous Vapours by Vehumet.
  9024 | D:8      | Identified the +0 robe of Kaboer {rElec}
  9036 | D:8      | Noticed a rime drake
  9175 | D:8      | Found a staircase to the Lair.
  9233 | D:8      | Found a runed translucent door.
  9234 | D:8      | Noticed Talonman3's ghost (novice VSEn)
  9305 | D:8      | Reached skill level 9 in Spellcasting
  9462 | D:8      | Killed a rime drake
  9463 | D:8      | Reached XP level 10. HP: 22/50 MP: 16/25
 10158 | D:8      | Found a runed translucent door.
 10383 | D:8      | Found a staircase to the Lair.
 10761 | Lair:1   | Entered Level 1 of the Lair of Beasts
 10761 | Lair:1   | Noticed a cane toad
 10761 | Lair:1   | Noticed a black mamba
 10768 | D:8      | Killed a cane toad
 10801 | Lair:1   | Killed a black mamba
 10802 | Lair:1   | Reached skill level 10 in Spellcasting
 10862 | Lair:1   | Offered knowledge of Dazzling Flash by Vehumet.
 10865 | Lair:1   | Noticed a black mamba
 10867 | Lair:1   | Learned a level 3 spell: Dazzling Flash
 10879 | D:8      | Killed a black mamba
 11082 | Lair:1   | Noticed Grum
 11089 | Lair:1   | Killed Grum
 11145 | Lair:1   | Noticed Erica
 11179 | Lair:1   | Reached XP level 11. HP: 43/54 MP: 0/27
 11346 | Lair:1   | Killed Erica
 11347 | Lair:1   | Reached skill level 10 in Dodging
 11347 | Lair:1   | Reached skill level 11 in Spellcasting
 11473 | Lair:1   | Reached *** piety under Vehumet
 11672 | Lair:1   | Identified the +1 leather armour of Valiance {-Cast Rampage
                  | Drain Stlth+}
 12230 | Lair:1   | Reached skill level 10 in Fire Magic
 13201 | Lair:2   | Noticed Urug
 13227 | Lair:2   | Slain by Urug

Illustrated notes

Levels and vault maps discovered:
D:1:      scummos_arrival_gate, layout_rooms
D:2:      layout_basic
D:3:      layout_rooms, amethyst_overflow_temple_binary,
          chequers_serial_rivers_large_a, kennysheep_generic_room_12
D:4:      nicolae_cairo_tiling_very_big, layout_cave_pods,
          nicolae_vehumet_radiance, uniq_ijyb
D:5:      layout_layer_cave, minmay_temple_entry_large_hall, minmay_between,
          uniq_edmund
D:6:      layout_loops_corners, uniq_grinder
D:7:      layout_rooms, kennysheep_generic_room_15
D:8:      layout_loops_ring, hellmonk_lair_entry_icy,
          ebering_ghost_reflecting_pool, serial_glass, glass_columns_b,
          glass_columns_c, feat_on_display, item_on_display_a
Lair:1:   layout_roguey, grunt_megastairs_5, uniq_grum, uniq_erica
Lair:2:   layout_hall_layers, special_room [special_room_bee],
          serial_bayou_shore_b, uniq_urug, uniq_amaemon

Skill      XL: |  1  2  3  4  5  6  7  8  9 10 11 |
---------------+----------------------------------+-----
Stealth        | 3 4 5 6 7 8 |  8.0
Dodging        | 3 4 5 6 8 9 10 | 10.9
Conjurations   | 2 3 4 5 7 8 9 |  9.8
Spellcasting   | 4 5 6 7 9 10 11 | 11.9
Fire Magic     | 4 5 6 7 9 10 | 10.3

Action                     |  1- 3 |  4- 6 |  7- 9 | 10-12 || total
---------------------------+-------+-------+-------+-------++-------
  Melee: Unarmed           |     1 |       |       |       ||     1
         Dagger            |       |       |    13 |     6 ||    19
   Cast: Foxfire           |    45 |    71 |   163 |    93 ||   372
         Scorch            |    14 |    17 |   105 |    86 ||   222
         Inner Flame       |       |     2 |     4 |     5 ||    11
         Volatile Blastmot |       |       |    16 |    12 ||    28
         Flame Wave        |       |       |     1 |     8 ||     9
         Dazzling Flash    |       |       |       |     1 ||     1
    Use: Scroll            |       |     4 |       |     5 ||     9
         Potion            |       |       |     2 |     2 ||     4
 Armour: Robe              |     3 |       |       |       ||     3
         Troll leather arm |       |     5 |    43 |    56 ||   104
  Dodge: Dodged            |     8 |     6 |    37 |    60 ||   111
  Block: Other             |       |       |     4 |    12 ||    16

Table legend: (Time is in decaauts)
 A = Elapsed time spent in this place.
 B = Non-inter-level travel time spent in this place.
 C = Inter-level travel time spent in this place.
 D = Time resting spent in this place.
 E = Time spent auto-exploring this place.
 F = Levels seen in this place.
 G = Mean time per level.
                   A        B        C        D        E       F      G
               +--------+--------+--------+--------+--------+-----+--------+
         Total |  13227 |  12773 |    454 |   2720 |   8156 |  10 | 1322.7 |
       Dungeon |  10861 |  10431 |    430 |   2048 |   6834 |   8 | 1357.6 |
          Lair |   2365 |   2341 |     24 |    672 |   1322 |   2 | 1182.5 |
               +--------+--------+--------+--------+--------+-----+--------+

Top non-repeatable levels by time:
     D:6: 2183 daAuts
  Lair:1: 2154 daAuts
     D:8: 1709 daAuts
     D:5: 1628 daAuts
     D:4: 1533 daAuts
     D:7: 1146 daAuts
     D:2: 1054 daAuts
     D:1: 897 daAuts
     D:3: 708 daAuts
  Lair:2: 211 daAuts
